 Seeded DCSS version 0.28-a0-653-g7e9dba17c3 (webtiles) character file.

Game seed: 20211012 (custom seed)

11899 a11behringer the Fencer (level 11, -11/95 HPs)
             Began as a Minotaur Fighter on Oct 12, 2021.
             Was a High Priest of Okawaru.
             Mangled by a titanic slime creature (85 damage)
             ... on level 12 of the Dungeon.
             The game lasted 00:45:48 (12492 turns).

a11behringer the Fencer (Minotaur Fighter)         Turns: 12492, Time: 00:45:49

Health: -11/95     AC: 24    Str: 30    XL:     11   Next: 55%
Magic:  11/11      EV:  7    Int:  5    God:    Okawaru [*****.]
Gold:   1300       SH: 12    Dex: 10    Spells: 10/10 levels left

rFire   + . .      SeeInvis .   a - +1 long sword
rCold   + . .      Faith    .   u - +2 buckler
rNeg    . . .      Spirit   .   t - +3 gold dragon scales
rPois   +          Reflect  +   (helmet restricted)
rElec   .          Harm     .   (no cloak)
rCorr   .          Rampage  +   s - +0 pair of gloves
Will    ++...                   f - +0 pair of boots
Stlth   ..........              E - amulet "Gyr Wogi" {Reflect Rampage Fragile Will+ SH+5}
HPRegen 0.25/turn               e - ring of willpower
MPRegen 0.12/turn               i - +6 ring of strength

@: slowed, very slow
A: horns 2, retaliatory headbutt
a: Renounce Religion, Heroism, Finesse, Duel


You were on level 12 of the Dungeon.
You worshipped Okawaru.
Okawaru was extremely pleased with you.
You visited 3 branches of the dungeon, and saw 15 of its levels.
You also visited: Ossuary.

You collected 1300 gold pieces.

Inventory:

Hand Weapons
 a - a +1 long sword (weapon)
 D - a +1 shortbow of freezing
Missiles
 h - 238 arrows
 m - a throwing net (quivered)
 o - 92 bolts
Armour
 b - a +0 scale mail
 c - a +0 buckler
 f - a +0 pair of boots (worn)
 j - a +0 chain mail
 s - a +0 pair of gloves (worn)
 t - +3 gold dragon scales (worn)
 u - a +2 buckler (worn)
Jewellery
 e - a ring of willpower (left hand)
 i - a +6 ring of strength (right hand)
 p - an amulet of reflection
 E - the amulet "Gyr Wogi" (around neck) {Reflect Rampage Fragile Will+ SH+5}
   (You found it on level 7 of the Dungeon)

   [amulet of reflection]

   It reflects blocked missile attacks.
   Fragile:   It will be destroyed if unequipped.
   SH:        It affects your SH (+5).
   Rampage:   It bestows one free step when moving towards enemies.
   Will:      It increases your willpower.
 L - a ring of wizardry
 M - a +6 ring of dexterity
 N - a ring of ice
Wands
 g - a wand of acid (9)
 l - a wand of polymorph (12)
 r - a wand of flame (36)
 F - a wand of iceblast (16)
 H - a wand of mindburst (35)
Scrolls
 y - 5 scrolls of identify
 B - a scroll of magic mapping
 C - a scroll of enchant weapon
 K - a scroll of teleportation
 P - a scroll of enchant armour
Potions
 d - a potion of might
 k - 9 potions of curing
 n - 3 potions of attraction
 q - a potion of ambrosia
 v - 3 potions of cancellation
 w - 6 potions of brilliance
 x - 5 potions of flight
 z - a potion of haste
 A - a potion of mutation
 G - 2 potions of degeneration
 I - 2 potions of lignification
 J - 2 potions of heal wounds
Miscellaneous
 O - a box of beasts


   Skills:
 + Level 8.8 Fighting
 * Level 15.8 Long Blades
 * Level 1.4 Bows
 * Level 12.4 Armour
 + Level 1.7 Dodging
 - Level 5.3 Shields
 * Level 2.4 Invocations


You had 10 spell levels left.
You didn't know any spells.
Your spell library contained the following spells:

 Spells                   Type           Power      Damage    Failure   Level
 Foxfire                  Conj/Fire      0%         2x1d4     100%        1
 Magic Dart               Conj           0%         1d3       100%        1
 Sting                    Tmut/Pois      0%         1d3       100%        1
 Ensorcelled Hibernation  Hex/Ice        0%         N/A       100%        2
 Poisonous Vapours        Pois/Air       0%         N/A       100%        2
 Searing Ray              Conj           0%         2d4       100%        2
 Slow                     Hex            0%         N/A       100%        2
 Static Discharge         Conj/Air       0%         N/A       100%        2
 Confusing Touch          Hex            0%         N/A       100%        3
 Conjure Flame            Conj/Fire      0%         6-21      100%        3
 Dazzling Flash           Conj/Hex       0%         N/A       100%        3
 Inner Flame              Hex/Fire       0%         N/A       100%        3
 Vampiric Draining        Necr           0%         2d6       100%        3
 Dispel Undead            Necr           0%         3d6       100%        4
 Flame Wave               Conj/Fire      0%         3d3       100%        4
 Fulminant Prism          Conj/Hex       0%         3d6       100%        4
 Iskenderun's Mystic Bla  Conj/Tloc      0%         2d3       100%        4
 Olgreb's Toxic Radiance  Pois           0%         N/A       100%        4
 Sticky Flame             Conj/Fire      0%         2d3       100%        4
 Agony                    Necr           0%         N/A       100%        5
 Blade Hands              Tmut           0%         N/A       100%        5
 Silence                  Hex/Air        0%         N/A       100%        5
 Iron Shot                Conj/Erth      0%         9d1       100%        6
 Starburst                Conj/Fire      0%         6d3       100%        6
 Summon Small Mammal      Summ           Unusable   N/A       N/A         1
 Call Canine Familiar     Summ           Unusable   N/A       N/A         3
 Summon Guardian Golem    Hex/Summ       Unusable   N/A       N/A         3
 Tukima's Dance           Hex            Unusable   N/A       N/A         3
 Animate Armour           Summ/Erth      Unusable   N/A       N/A         4

Dungeon Overview and Level Annotations

Branches:
Dungeon (12/15)            Temple (1/1) D:5            Lair (0/6) D:9
    Orc (2/2) D:10            Elf (0/3) Orc:2       Ossuary (visited)

Altars:
Ashenzari
Fedhas
Okawaru
Qazlal
Zin

Shops:
D:1 =   D:3 *

Annotations:
D:7 3 runed translucent doors, Spaninq's ghost, novice TeAE


Innate Abilities, Weirdness & Mutations

You have a pair of horns on your head.
You reflexively headbutt those who attack you in melee.


Message History

You closely miss the wraith. Your headbutt misses the wraith.
You hit the wraith but do no damage. You block the wraith's attack.
Two slime creatures merge to form a large slime creature.
You hit the wraith. Your headbutt misses the wraith.
The wraith is lightly damaged.
You block the wraith's attack.
You slice the wraith!!
The wraith is severely damaged.
Two slime creatures merge to form a very large slime creature.
You hit the wraith but do no damage.
The wraith is severely damaged.
The wraith hits you but does no damage.
You closely miss the wraith. Your headbutt misses the wraith.
The wraith is severely damaged.
The wraith hits you! The wraith drains your vigour!
You feel yourself slow down.
You barely miss the wraith. You headbutt the wraith.
The wraith is almost destroyed.
The wraith hits you but does no damage.
Two slime creatures merge to form an enormous slime creature.
You hit the wraith but do no damage.
The wraith is almost destroyed.
The wraith hits you but does no damage.
You hit the wraith but do no damage.
The wraith is almost destroyed.
Two slime creatures merge to form a titanic slime creature.
The wraith hits you.
You barely miss the wraith.
You headbutt the wraith, but do no damage.
The wraith is almost destroyed.
The wraith hits you! The wraith drains your vigour!
You feel as though you will be slow longer.
You slice the wraith!!
You destroy the wraith!
Okawaru accepts your kill.
You slice the titanic slime creature!!
The titanic slime creature is lightly wounded.
The titanic slime creature hits you!!!!
Ouch! That really hurt!
You die...

......##.....### #.#
.......>.##......##.#
##....#####......##.#
......## #......##.#
.......####.........#####+##
#..........##.......#......#
.))...####.....####.#.....
#)....# ###..####.#..#
#.....# #.....@J.....#####
#.##### #.#..####.#......##
#.# .... #..J.[....## #..
#### ##J.J......# ###
#.........# #.....>...# .#
...........# .#
..##.........# .## #
#.........#


You could see a titanic slime creature.

Vanquished Creatures
  A two-headed ogre (D:11)
  2 boulder beetles (D:11)
  A deep elf pyromancer (D:12)
  An ice statue (D:8)
  A komodo dragon (D:9)
  2 trolls
  Prince Ribbit (D:7)
  A meliai zombie (D:10)
  4 shadows
  2 wyverns
  10 yaks
  Eustachio (D:6)
  3 wraiths
  4 vampire mosquitoes (D:11)
  3 wargs (Orc:1)
  An acid dragon (D:9)
  2 water moccasins
  A necrophage (D:7)
  6 orc warriors
  2 black bears
  3 centaurs
  3 ogres
  A phantom (D:4)
  3 kobold brigands
  A gnoll sergeant (D:9)
  2 bullfrogs (D:7)
  A wyvern zombie (D:6)
  2 scorpions (D:5)
  A troll zombie (D:10)
  8 killer bees
  3 wights (D:8)
  4 howler monkeys
  A bullfrog zombie (D:5)
  2 jellies (D:5)
  A centaur zombie (D:9)
  A hound (D:4)
  7 orc priests
  A bullfrog skeleton (D:6)
  4 centaur skeletons
  Natasha (thrice) (D:3)
  5 iguanas
  19 orc wizards
  Terence (D:3)
  5 ogre zombies (D:10)
  9 mummies
  8 gnolls
  A howler monkey zombie (D:10)
  A river rat (D:5)
  2 adders
  An ufetubus (D:4)
  A worm (D:2)
  6 dart slugs
  38 orcs
  7 bats
  6 endoplasms
  6 goblins
  12 hobgoblins
  11 jackals
  3 quokkas
  8 ball pythons
  2 frilled lizards
  4 gnoll zombies (Ossuary)
  2 goblin skeletons (D:10)
  2 goblin zombies (D:10)
  A hobgoblin skeleton (D:10)
  2 hobgoblin zombies
  21 kobolds
  2 orc skeletons (D:10)
  16 orc zombies
  2 rats
305 creatures vanquished.

Vanquished Creatures (others)
  A kobold (D:6)
  15 plants (D:9)
16 creatures vanquished.

Grand Total: 321 creatures vanquished

Notes
Turn   | Place    | Note
-------+----------+-------------------------------------------
     0 | D:1      | a11behringer the Minotaur Fighter began the quest for the
                  | Orb.
     0 | D:1      | Reached XP level 1. HP: 19/19 MP: 0/0
   261 | D:1      | Reached XP level 2. HP: 20/27 MP: 1/1
   267 | D:1      | Reached skill level 3 in Long Blades
   417 | D:1      | Found Kodiass's Jewellery Shop.
   926 | D:2      | Reached XP level 3. HP: 26/33 MP: 2/2
  1771 | D:3      | Reached skill level 4 in Long Blades
  1771 | D:3      | Reached skill level 1 in Dodging
  1771 | D:3      | Reached XP level 4. HP: 39/40 MP: 3/3
  1798 | D:3      | Noticed Natasha
  1808 | D:3      | Killed Natasha
  1879 | D:3      | Noticed Terence
  1883 | D:3      | Reached XP level 5. HP: 37/46 MP: 4/4
  1885 | D:3      | Killed Terence
  1886 | D:3      | Reached skill level 5 in Long Blades
  1903 | D:3      | Found Voj Lick's Assorted Antiques.
  1974 | D:3      | Noticed Natasha
  1984 | D:3      | Killed Natasha
  2084 | D:3      | Found a stormy altar of Qazlal.
  2480 | D:3      | Noticed Natasha
  2488 | D:3      | Killed Natasha
  2749 | D:4      | Noticed a phantom
  2759 | D:4      | Killed a phantom
  2760 | D:4      | Reached skill level 6 in Long Blades
  2760 | D:4      | Reached XP level 6. HP: 52/53 MP: 5/5
  3048 | D:5      | Entered Level 5 of the Dungeon
  3128 | D:5      | Reached skill level 5 in Armour
  3160 | D:5      | Noticed a water moccasin
  3164 | D:5      | Killed a water moccasin
  3165 | D:5      | Reached skill level 7 in Long Blades
  3165 | D:5      | Reached XP level 7. HP: 49/60 MP: 6/6
  3181 | D:5      | Found a staircase to the Ecumenical Temple.
  3189 | Temple   | Entered the Ecumenical Temple
  3226 | Temple   | Became a worshipper of Warmaster Okawaru
  3315 | D:5      | Found a glowing drain.
  3339 | D:5      | Reached skill level 5 in Fighting
  3349 | D:5      | Reached skill level 8 in Long Blades
  3429 | D:5      | Found a sand-covered staircase.
  3436 | Ossuary  | Entered an ossuary
  4369 | D:5      | Reached * piety under Okawaru
  4370 | D:5      | Reached skill level 9 in Long Blades
  4370 | D:5      | Reached XP level 8. HP: 42/68 MP: 7/7
  5329 | D:6      | Reached skill level 10 in Long Blades
  5516 | D:6      | Noticed Eustachio
  5543 | D:6      | Reached skill level 5 in Shields
  5565 | D:6      | Killed Eustachio
  5754 | D:6      | Reached skill level 11 in Long Blades
  6305 | D:7      | Reached ** piety under Okawaru
  6306 | D:7      | Reached XP level 9. HP: 75/75 MP: 8/8
  6353 | D:7      | Reached skill level 12 in Long Blades
  6366 | D:7      | Reached *** piety under Okawaru
  6496 | D:7      | Noticed Prince Ribbit
  6526 | D:7      | Killed Prince Ribbit
  6704 | D:7      | Found a runed translucent gate.
  6705 | D:7      | Found a runed translucent gate.
  6705 | D:7      | Found a runed translucent gate.
  6711 | D:7      | Noticed Spaninq's ghost (novice TeAE)
  6741 | D:7      | Reached skill level 13 in Long Blades
  6769 | D:7      | Identified the amulet "Gyr Wogi" {Reflect Rampage Fragile
                  | Will+ SH+5}
  6972 | D:7      | Identified the +6 battleaxe "Kaocwist" {venom, +Blink rF+
                  | Str+2}
  7434 | D:8      | Reached XP level 10. HP: 37/84 MP: 9/9
  7708 | D:8      | Reached **** piety under Okawaru
  7884 | D:8      | Noticed an ice statue
  7986 | D:8      | Killed an ice statue
  8713 | D:9      | Reached skill level 14 in Long Blades
  9143 | D:9      | Found a staircase to the Lair.
  9266 | D:9      | Reached skill level 10 in Armour
  9684 | D:10     | Entered Level 10 of the Dungeon
  9803 | D:10     | Reached skill level 1 in Invocations
  9845 | D:10     | Found a staircase to the Orcish Mines.
 10443 | D:10     | Reached ***** piety under Okawaru
 10803 | Orc:1    | Entered Level 1 of the Orcish Mines
 10818 | Orc:1    | Reached skill level 15 in Long Blades
 10828 | Orc:1    | Reached XP level 11. HP: 64/94 MP: 3/10
 11293 | Orc:2    | Entered Level 2 of the Orcish Mines
 11293 | Orc:2    | Found a staircase to the Elven Halls.
 11294 | Orc:2    | Noticed an orc knight
 11330 | D:11     | Noticed a boulder beetle
 11345 | D:11     | Killed a boulder beetle
 11480 | D:11     | Noticed a two-headed ogre
 11485 | D:11     | Killed a two-headed ogre
 11754 | D:11     | Received a gift from Okawaru
 11864 | D:11     | Noticed a boulder beetle
 11882 | D:11     | Killed a boulder beetle
 12247 | D:12     | Noticed a deep elf pyromancer
 12255 | D:12     | Killed a deep elf pyromancer
 12256 | D:12     | Reached skill level 1 in Bows
 12333 | D:12     | Received a gift from Okawaru
 12492 | D:12     | Mangled by a titanic slime creature

Illustrated notes

Levels and vault maps discovered:
D:1:      psy_arrival_terrarium, layout_loops_ring, serial_shops, shop,
          minmay_small_reverse_x
D:2:      layout_basic
D:3:      layout_rooms, grunt_qazlal_clouds, serial_shops, shop, hex_medium,
          uniq_natasha, uniq_terence
D:4:      layout_rooms
D:5:      kb_forest_paths, layout_basic, minmay_temple_entry_enclosed_plants,
          portal_sewer_entry_a, nicolae_ossuary_entry_giza
D:6:      layout_loops_corners, glass_columns_b, uniq_eustachio
D:7:      layout_basic, gammafunk_ghost_necromancy, serial_aquarium,
          aquarium_bridge_square [aquarium_subvault_window,
          aquarium_subvault_balcony, aquarium_subvault_wall,
          aquarium_subvault_bridge], aquarium_window_1, aquarium_window_2,
          aquarium_window_2, aquarium_window_corridor_1, aquarium_view_2d,
          hangedman_glass_garden, uniq_prince_ribbit1
D:8:      lemuel_ice_statue, layout_basic, minmay_misc_feat_roman,
          eino_curves_03
D:9:      layout_cave_pools, david_lair_shrubbed
D:10:     layout_roguey, zombieorc1_lemuel
D:11:     layout_stronghold, due_unseen_surprise
D:12:     layout_rooms, grunt_livestock
Temple:   roderic_octagonal_lattice_temple
Orc:1:    layout_diamond_mine
Orc:2:    pf_orc_diabolical, layout_diamond_mine

Skill      XL: |  1  2  3  4  5  6  7  8  9 10 11 |
---------------+----------------------------------+-----
Long Blades    | 3 4 6 7 9 11 13 15 | 15.8
Armour         | 4 5 7 8 11 12 | 12.4
Shields        | 4 5 |  5.3
Fighting       | 4 5 6 7 8 |  8.8
Dodging        | 1 |  1.7
Invocations    | 1 2 |  2.4
Bows           | 1 |  1.4

Action                   |  1- 3 |  4- 6 |  7- 9 | 10-12 || total
-------------------------+-------+-------+-------+-------++-------
Melee: Long sword        |   109 |   138 |   348 |   463 ||  1058
       Headbutt          |    12 |    22 |    66 |   101 ||   201
Invok: Heroism           |       |       |     2 |    10 ||    12
       Finesse           |       |       |       |     2 ||     2
  Use: Scroll            |       |     2 |    12 |     6 ||    20
       Potion            |       |       |     2 |     3 ||     5
Armor: Scale mail        |    28 |       |       |       ||    28
       Chain mail        |    27 |    65 |     1 |       ||    93
       Gold dragon scale |       |       |   196 |   237 ||   433
Dodge: Dodged            |    56 |    50 |    64 |   108 ||   278
Block: Buckler           |    23 |    21 |   158 |   266 ||   468
       Reflection        |       |       |     9 |     6 ||    15

Table legend: (Time is in decaauts)
 A = Elapsed time spent in this place.
 B = Non-inter-level travel time spent in this place.
 C = Inter-level travel time spent in this place.
 D = Time resting spent in this place.
 E = Time spent auto-exploring this place.
 F = Levels seen in this place.
 G = Mean time per level.
                   A        B        C        D        E       F      G
               +--------+--------+--------+--------+--------+-----+--------+
         Total |  12342 |  10408 |   1934 |      0 |   8384 |  16 |  771.4 |
       Dungeon |  11269 |   9425 |   1844 |      0 |   7649 |  12 |  939.1 |
        Temple |     62 |      2 |     60 |      0 |      0 |   1 |   62.0 |
  Orcish Mines |    475 |    445 |     30 |      0 |    390 |   2 |  237.5 |
       Ossuary |    534 |    534 |      0 |      0 |    345 |   1 |  534.0 |
               +--------+--------+--------+--------+--------+-----+--------+

Top non-repeatable levels by time:
     D:8: 1524 daAuts
     D:5: 1428 daAuts
     D:6: 1151 daAuts
     D:7: 1099 daAuts
    D:10: 1084 daAuts
     D:1: 918 daAuts
     D:3: 869 daAuts
     D:2: 868 daAuts
    D:11: 856 daAuts
     D:9: 762 daAuts
 Ossuary: 534 daAuts
   Orc:1: 472 daAuts
     D:4: 430 daAuts
    D:12: 274 daAuts
  Temple: 62 daAuts
